 Dungeon Crawl Stone Soup version 0.31-a0-145-g046c7d2549 (webtiles) character file.

Game seed: 11804319306416217479

427807 Irreverend the Demonic Blade (level 22, -9/188 HPs)
             Began as a Demonspawn Gladiator on June 6, 2023.
             Was a High Priest of Okawaru.
             Mangled by a rockslime (30 damage)
             ... created by the Royal Jelly
             ... in the Arena.
             The game lasted 02:34:50 (47159 turns).

Irreverend the Demonic Blade (DsGl)                Turns: 47159, Time: 02:34:50

Health: -9/188     AC: 32    Str: 16    XL:     22   Next: 78%
Magic:  12/34      EV: 26    Int: 10    God:    Okawaru [*****.]
Gold:   4689       SH:  0    Dex: 33    Spells: 21/21 levels left

rFire   + . .        a - +12 pair of quick blades "Gyre" and "Gimble" {protect}
rCold   + . .        (shield currently unavailable)
rNeg    . . .        r - +7 chain mail of Music {Rampage rPois}
rPois   +            X - +5 helmet of the Clam {rElec Will+}
rElec   +            (cloak unavailable)
rCorr   +            Y - +2 pair of gloves {hurl}
SInv    .            O - +2 pair of boots {Fly}
Will    +++..        C - amulet "Wausom" {+Inv Regen+ Int+3}
Stlth   ++           Z - ring of willpower
HPRegen 1.31/turn    B - ring of Kaosath {rC+ rCorr Int-2 Dex+8 Stlth+}
MPRegen 0.24/turn

%: rampage
@: heroic, finesse-ful, corroded, duelling, flying, studying Long Blades
A: molten scales 3, spiny 3, demonic magic 3, weakness stinger 3, high MP 1,
subdued magic 1
}: 2/15 runes: serpentine, barnacled
a: Renounce Religion, Evoke Invisibility, Heroism, Finesse, Duel


You were in the Arena.
You worshipped Okawaru.
Okawaru was extremely pleased with you.
You visited 9 branches of the dungeon, and saw 43 of its levels.
You visited 1 bazaar.
You also visited: Ossuary, Gauntlet and Desolation.

You collected 5345 gold pieces.
You spent 656 gold pieces at shops.

Inventory:

Hand Weapons
 a - the +12 pair of quick blades "Gyre" and "Gimble" (weapon) {protect}
   (You found it in the Desolation of Salt)
 y - the +8 autumn katana {manifold assault}
   (You bought it in a shop on level 2 of the Orcish Mines)
 J - the +11 Singing Sword {sonic wave}
   (Okawaru gifted it to you on level 4 of the Vaults)
Missiles
 e - 20 silver javelins (quivered)
 M - 6 throwing nets
 U - 5 curare-tipped darts
 V - 31 javelins
Armour
 k - the +2 kite shield of Articulation {rElec Str+2 SInv}
   (Okawaru gifted it to you on level 1 of the Lair of Beasts)

   Str:       It affects your strength (+2).
   rElec:     It insulates you from electricity.
   SInv:      It lets you see invisible.
 r - the +7 chain mail of Music (worn) {Rampage rPois}
   (Okawaru gifted it to you on level 4 of the Snake Pit)

   rPois:     It protects you from poison.
   Rampage:   It bestows one free step when moving towards enemies.
 A - the +1 hat of Misanthropy {Drain rF+++ rN+++ Int-5}
   (Okawaru gifted it to you on level 3 of the Lair of Beasts)

   Int:       It affects your intelligence (-5).
   rF:        It renders you almost immune to fire.
   rN:        It renders you almost immune to negative energy.
   Drain:     It drains your maximum health when unequipped.
 O - a +2 pair of boots of flying (worn)
 X - the +5 helmet of the Clam (worn) {rElec Will+}
   (You found it in a Gauntlet)

   rElec:     It insulates you from electricity.
   Will:      It increases your willpower.
 Y - a +2 pair of gloves of hurling (worn)
Jewellery
 g - a +4 ring of protection
 l - the ring "Sijeowk" {Fly Int+3 Dex+5}
   (You found it in the Desolation of Salt)

   [ring of flight]

   Int:       It affects your intelligence (+3).
   Dex:       It affects your dexterity (+5).
   Fly:       It grants you flight.
 p - an amulet of reflection
 u - the ring of Biptoad {Str+2 Dex+6}
   (You found it in the Desolation of Salt)

   [ring of dexterity]

   Str:       It affects your strength (+2).
   Dex:       It affects your dexterity (+6).
 B - the ring of Kaosath (right hand) {rC+ rCorr Int-2 Dex+8 Stlth+}
   (You acquired it on level 11 of the Dungeon)

   [ring of resist corrosion]

   Int:       It affects your intelligence (-2).
   Dex:       It affects your dexterity (+8).
   rC:        It protects you from cold.
   rCorr:     It protects you from acid and corrosion.
   Stlth:     It makes you more stealthy.
 C - the amulet "Wausom" (around neck) {+Inv Regen+ Int+3}
   (You found it in the Desolation of Salt)

   [amulet of regeneration]

   Int:       It affects your intelligence (+3).
   +Inv:      It lets you turn invisible.
   Regen:     It increases your rate of health regeneration.
 L - a +5 ring of evasion
 R - the amulet of the Air {Inacc Air Fly rElec RMsl}
   (You took it off a deep elf demonologist on level 3 of the Elven Halls)

   [amulet of nothing]

   Inacc:     It reduces the accuracy of your attacks and spells.
   Air:       It enhances your air magic.
   rElec:     It insulates you from electricity.
   Fly:       It grants you flight.
   RMsl:      It protects you from missiles.
 T - a ring of positive energy
 Z - a ring of willpower (left hand)
Wands
 E - a wand of flame (59)
 K - a wand of digging (3)
 P - a wand of iceblast (36)
 W - a wand of quicksilver (11)
Scrolls
 b - 16 scrolls of identify
 c - 2 scrolls of enchant armour
 d - a scroll of silence
 f - 3 scrolls of fear
 h - 4 scrolls of torment
 i - 3 scrolls of magic mapping
 j - 8 scrolls of noise
 m - 5 scrolls of amnesia
 o - 10 scrolls of teleportation
 q - 7 scrolls of vulnerability
 D - 5 scrolls of poison
 H - 3 scrolls of fog
 S - 5 scrolls of immolation
Potions
 s - 5 potions of curing
 t - 7 potions of attraction
 v - 3 potions of cancellation
 w - 6 potions of invisibility
 x - 3 potions of berserk rage
 z - 2 potions of haste
 F - a potion of might
 G - 2 potions of lignification
 I - 6 potions of enlightenment
 N - a potion of resistance


   Skills:
 + Level 19.5(24.5) Fighting
 + Level 21.5(26.5) Long Blades
 + Level 12.9(17.9) Throwing
 - Level 14.7(19.7) Armour
 + Level 14.7(19.7) Dodging
 - Level 12.9(17.9) Shields
 - Level 12.5 Invocations


You had 21 spell levels left.
You didn't know any spells.
Your spell library contained the following spells:

 Spells                   Type           Power      Damage    Failure   Level
 Apportation              Tloc           0%         N/A       83%         1
 Magic Dart               Conj           0%         1d3       83%         1
 Slow                     Hex            0%         N/A       83%         1
 Blink                    Tloc           0%         N/A       92%         2
 Cigotuvi's Dreadful Rot  Necr/Pois/Air  0%         N/A       92%         2
 Ensorcelled Hibernation  Hex/Ice        0%         N/A       92%         2
 Lesser Beckoning         Tloc           0%         N/A       92%         2
 Momentum Strike          Conj/Tloc      0%         3d8       92%         2
 Passwall                 Tmut/Erth      0%         N/A       92%         2
 Poisonous Vapours        Pois/Air       0%         N/A       92%         2
 Static Discharge         Conj/Air       0%         2-2/arc   92%         2
 Sublimation of Blood     Necr           0%         N/A       92%         2
 Wereblood                Tmut           0%         N/A       92%         2
 Confusing Touch          Hex            0%         N/A       99%         3
 Dazzling Flash           Conj/Hex       0%         N/A       99%         3
 Frozen Ramparts          Ice            0%         1d1       99%         3
 Gell's Gravitas          Tloc           0%         N/A       99%         3
 Hailstorm                Conj/Ice       0%         3d3       99%         3
 Inner Flame              Hex/Fire       0%         N/A       99%         3
 Mephitic Cloud           Conj/Pois/Air  0%         N/A       99%         3
 Portal Projectile        Hex/Tloc       0%         N/A       99%         3
 Spider Form              Tmut/Pois      0%         N/A       99%         3
 Swiftness                Air            0%         N/A       99%         3
 Vampiric Draining        Necr           0%         2d6       99%         3
 Vhi's Electric Charge    Tloc/Air       0%         N/A       99%         3
 Volatile Blastmotes      Fire/Tloc      0%         2d10      99%         3
 Anguish                  Hex/Necr       0%         N/A       100%        4
 Dispel Undead            Necr           0%         3d6       100%        4
 Flame Wave               Conj/Fire      0%         2d4       100%        4
 Fulminant Prism          Conj/Hex       0%         3d5       100%        4
 Ice Form                 Ice/Tmut       0%         N/A       100%        4
 Iskenderun's Mystic Bla  Conj/Tloc      0%         2d3       100%        4
 Leda's Liquefaction      Hex/Erth       0%         N/A       100%        4
 Manifold Assault         Tloc           0%         N/A       100%        4
 Passage of Golubria      Tloc           0%         N/A       100%        4
 Petrify                  Tmut/Erth      0%         N/A       100%        4
 Sticky Flame             Conj/Fire      0%         2d3       100%        4
 Arcjolt                  Conj/Air       0%         1d10      100%        5
 Blade Hands              Tmut           0%         N/A       100%        5
 Irradiate                Conj/Tmut      0%         3d11      100%        5
 Iskenderun's Battlesphe  Conj           0%         2d6       100%        5
 Lee's Rapid Deconstruct  Erth           0%         3d4*      100%        5
 Silence                  Hex/Air        0%         N/A       100%        5
 Conjure Ball Lightning   Conj/Air       0%         3x3d6     100%        6
 Eringya's Noxious Bog    Tmut/Pois      0%         N/A       100%        6
 Leda's Unmaking          Conj/Erth      0%         9d1       100%        6
 Plasma Beam              Fire/Air       0%         2x1d10    100%        6
 Starburst                Conj/Fire      0%         6d3       100%        6
 Statue Form              Tmut/Erth      0%         N/A       100%        6
 Dragon Form              Tmut           0%         N/A       100%        7
 Orb of Destruction       Conj           0%         9d5       100%        7
 Storm Form               Tmut/Air       0%         N/A       100%        7
 Borgnjor's Revivificati  Necr           0%         N/A       100%        8
 Disjunction              Tloc           0%         N/A       100%        8
 Lehudib's Crystal Spear  Conj/Erth      0%         10d2      100%        8
 Maxwell's Capacitive Co  Air            0%         ∞         100%        8
 Necromutation            Tmut/Necr      0%         N/A       100%        8
 Polar Vortex             Ice            0%         N/A       100%        9
 Call Imp                 Summ           Unusable   N/A       N/A         2
 Summon Guardian Golem    Hex/Summ       Unusable   N/A       N/A         3
 Tukima's Dance           Hex            Unusable   N/A       N/A         3
 Summon Ice Beast         Ice/Summ       Unusable   N/A       N/A         4
 Death Channel            Necr           Unusable   N/A       N/A         6
 Simulacrum               Ice/Necr       Unusable   N/A       N/A         6
 Spellforged Servitor     Conj/Summ      Unusable   N/A       N/A         7
 Summon Hydra             Summ           Unusable   N/A       N/A         7

Dungeon Overview and Level Annotations

Branches:
Dungeon (15/15)            Temple (1/1) D:7            Lair (5/5) D:8
 Shoals (4/4) Lair:3        Snake (4/4) Lair:3        Slime (5/5) Lair:5
    Orc (2/2) D:9             Elf (3/3) Orc:2        Vaults (4/5) D:13
  Crypt (0/3) Vaults:3     Depths (0/4) D:15        Ossuary (visited)
Desolation (visited)      Gauntlet (visited)

Altars:
Ashenzari
Cheibriados
Dithmenos
Fedhas
Gozag
Hepliaklqana
Kikubaaqudgha
Makhleb
Nemelex Xobeh
Okawaru
Qazlal
Ru
Sif Muna
Trog
Uskayaw
Vehumet
Wu Jian
Xom
Yredelemnul
Jiyva

Shops:
D:11 (   Orc:2 *:([   Elf:1 *   Elf:2 [   Shoals:4 *   Snake:1 *   Vaults:2 [

Annotations:
D:15 2 transporters, Kidef's ghost, adept FoFi
Shoals:3 exclusion: oklob plant


Innate Abilities, Weirdness & Mutations

You are completely covered in molten scales. (AC +4, rF+)
You are completely covered in sharp spines.
Spells you cast and wands you use may paralyse nearby enemies.
You have a sharp stinger which inflicts weakening toxins.
You have an increased reservoir of magic. (+10% MP)
Your spells are a little easier to cast, but a little less powerful.


Message History

You kill the quicksilver ooze!
That felt strangely unrewarding.
The acid blob is engulfed in blazing flames. x2
Flame seeps out of the acid blob.
The rockslime hits you.
* * * LOW HITPOINT WARNING * * *
You hold your ground!
Blink to where?
Press: ? - help, Dir - move target
As you read the scroll of blinking, it crumbles to dust.
The acid blob is engulfed in blazing flames. x2
Flame seeps out of the acid blob.
You feel better.
The acid blob is engulfed in blazing flames.
The acid blob spits acid at you. The splash of acid hits you! You resist.
* * * LOW HITPOINT WARNING * * *
The acid blob is engulfed in blazing flames.
That felt strangely unrewarding.
The acid blob explodes!
The fiery explosion engulfs the rockslime.
The rockslime resists.
Flame seeps out of the rockslime.
The rockslime is almost dead.
You feel better.
The acid blob is engulfed in blazing flames.
The acid blob spits acid at you.
The splash of acid hits you but does no damage.
The acid corrodes you! The rockslime hits you!!
* * * LOW HITPOINT WARNING * * *
You hold your ground!
The spectator's armour gleams in the torchlight.
You feel better.
The acid blob is engulfed in blazing flames.
The rockslime hits you.
* * * LOW HITPOINT WARNING * * *
You hold your ground!
The acid blob spits acid at you.
The splash of acid hits you but does no damage.
The acid corrodes you!
You feel better. The rockslime hits you!!
You die...

###########
#...pppp..#
#.▓▓▓▓▓▓▓.#
#p▓...J@▓p#
#p▓§§§J§▓▓#
#p▓§§☼☼§.∩#
#p▓§§§§☼▓▓#
#.▓°§§°☼▓p#
#.▓▓▓▓▓▓▓.#
#..ppppp..#
###########


You could see an acid blob and a rockslime (inner flame).

Vanquished Creatures
  Dissolution (Slime:4)
  the Royal Jelly (Arena)
  Bai Suzhen (Vaults:2)
  Frederick (Vaults:4)
  Xtahua (Vaults:2)
  Rupert (Arena)
  3 deep elf master archers (Elf:3)
  5 deep elf blademasters
  19 acid blobs
  An ancient champion (Vaults:3)
  A sphinx (Vaults:3)
  2 krakens
  Kirke (Snake:4)
  Donald (Vaults:3)
  Ilsuiw (Shoals:2)
  10 azure jellies
  A tengu reaver (Vaults:3)
  5 rockslimes
  4 nagarajas (Snake:4)
  A frost giant (shapeshifter) (D:15)
  6 deep elf sorcerers (Elf:3)
  3 frost giants
  A balrug (Gauntlet)
  Aizul (Snake:4)
  11 vault wardens
  A curse skull (Vaults:3)
  3 deep elf elementalists (Elf:3)
  The ghost of lessens the Bludgeoner, a journeyman GrFi of Okawaru (Elf:1)
  2 angels (Vaults:2)
  4 stone giants
  23 ironbound preservers
  9 quicksilver oozes
  A very ugly thing (Vaults:3)
  A war gargoyle (Vaults:3)
  6 ironbound thunderhulks
  7 formless jellyfish
  5 deep elf annihilators (Elf:3)
  2 deep elf demonologists (Elf:3)
  4 halazid warlocks (Desolation)
  5 dire elephants
  A minotaur (Gauntlet)
  3 merfolk javelineers
  7 deep elf death magi (Elf:3)
  14 merfolk impalers
  6 ettins
  A crystal guardian (Desolation)
  8 great orbs of eyes
  An entropy weaver (Vaults:1)
  10 yaktaur captains
  3 deep elf high priests (Elf:3)
  8 ragged hierophants (Desolation)
  An ice dragon (Lair:5)
  9 vault guards
  2 ogre magi
  6 hydras
  2 merfolk avatars (Shoals:3)
  A rakshasa (D:15)
  7 servants of whispers (Desolation)
  Erolcha (D:12)
  10 peacekeepers (Desolation)
  2 death knights
  13 ironbound frosthearts
  A catoblepas (shapeshifter) (Vaults:3)
  2 salamander tyrants
  26 dancing weapons
  A catoblepas (Lair:5)
  8 centaur warriors
  3 alligator snapping turtles
  11 two-headed ogres
  5 anacondas
  3 tengu warriors (D:13)
  A merfolk aquamancer (Shoals:2)
  7 boulder beetles
  3 satyrs
  Urug (Orc:2)
  21 naga warriors
  9 naga sharpshooters
  3 death yaks (D:14)
  5 shock serpents
  4 salamander mystics (Snake:4)
  17 skeletal warriors
  17 deep elf knights
  4 skysharks
  15 sea snakes
  7 naga ritualists
  A glowing orange brain (D:15)
  14 deep elf archers
  66 deep trolls
  2 phantasmal warriors
  10 lindwurms
  9 mana vipers
  2 orc knights
  A harpy (Vaults:1)
  18 ironbound convokers
  2 necromancers (Vaults:4)
  6 wizards
  31 deep elf zephyrmancers
  3 orc sorcerers
  27 deep elf pyromancers
  24 ugly things
  5 shining eyes
  A shining eye (shapeshifter) (Vaults:3)
  5 fauns
  12 salamanders
  A moth of wrath (Gauntlet)
  11 manticores
  15 cyclopes
  21 vault sentinels
  9 guardian serpents
  35 elephants (Lair:4)
  13 merfolk sirens
  A gargoyle (D:11)
  9 water nymphs
  36 black mambas
  5 torpor snails (Lair:5)
  15 naga magi
  5 molten gargoyles (Desolation)
  Maurice (D:11)
  14 cane toads
  An unseen horror (D:11)
  A freezing wraith (Vaults:3)
  30 yaktaurs
  10 komodo dragons
  5 rime drakes
  2 efreet
  A tengu conjurer (D:13)
  A yaktaur skeleton (Vaults:4)
  8 trolls
  5 polar bears
  31 merfolk
  8 hornets
  5 wind drakes
  68 saltlings (Desolation)
  Grinder (D:3)
  3 tyrant leeches (Lair:5)
  14 blink frogs
  9 dream sheep
  12 snapping turtles
  Sigmund (D:2)
  80 slime creatures
  12 water elementals
  10 wyverns
  71 yaks
  A spriggan (Lair:4)
  A human (D:13)
  An air elemental (Elf:1)
  7 hogs
  14 vampire mosquitoes
  8 wraiths
  4 fire elementals
  9 golden eyes
  7 basilisks
  A redback (Vaults:1)
  2 human simulacra (Vaults:4)
  3 steam dragons
  2 wargs
  60 nagas
  3 acid dragons
  14 water moccasins
  A hell hound (Gauntlet)
  A human skeleton (Vaults:4)
  A black bear (Lair:3)
  11 orc warriors
  3 sky beasts
  A meliai simulacrum (D:14)
  11 ogres
  16 wolves
  An ice beast (D:7)
  7 centaurs
  2 kobold brigands
  9 earth elementals
  13 bullfrogs
  3 gnoll sergeants
  5 wights
  15 killer bees
  7 electric eels
  5 howler monkeys
  10 orc priests
  2 jellies
  3 gnoll boudas
  2 hounds (D:5)
  3 iguanas
  25 orc wizards
  8 mummies (Ossuary)
  18 gnolls
  8 adders
  A river rat (D:6)
  A shadow imp (D:6)
  2 white imps
  2 ufetubi
  2 dart slugs
  67 orcs
  5 ball pythons
  6 endoplasms
  5 giant cockroaches
  2 goblins
  9 hobgoblins
  8 jackals (D:4)
  8 quokkas
  4 bats
  3 frilled lizards
  2 hobgoblin zombies (Ossuary)
  14 kobolds
  3 kobold zombies (Ossuary)
  3 orc zombies (Ossuary)
  6 rats
  4 tentacles
1751 creatures vanquished.

Vanquished Creatures (others)
  A sea snake (Shoals:4)
  A wizard (Vaults:1)
  A saltling (Desolation)
  A slime creature (Slime:1)
  A human (D:5)
  An orc wizard (D:11)
  An orc (D:6)
  An endoplasm (D:4)
  29 tentacles
37 creatures vanquished.

Grand Total: 1788 creatures vanquished

Notes
Turn   | Place    | Note
-------+----------+-------------------------------------------
     0 | D:1      | Irreverend the Demonspawn Gladiator began the quest for the
                  | Orb.
     0 | D:1      | Reached XP level 1. HP: 16/16 MP: 1/1
   124 | D:1      | Gained mutation: You are partially covered in molten
                  | scales. (AC +2) [demonic ancestry]
   124 | D:1      | Reached XP level 2. HP: 22/22 MP: 2/2
   228 | D:1      | Reached skill level 3 in Long Blades
   745 | D:2      | Found a faded altar of an unknown god.
   756 | D:2      | Gained mutation: You are partially covered in sharp spines.
                  | [demonic ancestry]
   756 | D:2      | Reached XP level 3. HP: 28/28 MP: 3/3
   957 | D:2      | Noticed Sigmund
   971 | D:2      | Killed Sigmund
   972 | D:2      | Reached skill level 4 in Long Blades
   972 | D:2      | Gained mutation: You are mostly covered in molten scales.
                  | (AC +3) [demonic ancestry]
   972 | D:2      | Reached XP level 4. HP: 28/35 MP: 4/4
   972 | D:2      | Gained mutation: You are completely covered in molten
                  | scales. (AC +4, rF+) [demonic ancestry]
   972 | D:2      | Reached XP level 5. HP: 33/41 MP: 5/5
  1402 | D:3      | Identified the +5 hand axe "Wylunig" {heavy, rC+++ Will-
                  | SInv Stlth+}
  1641 | D:3      | Noticed Grinder
  1665 | D:3      | Killed Grinder
  1666 | D:3      | Gained mutation: You have a small tail. [demonic ancestry]
  1666 | D:3      | Reached XP level 6. HP: 17/47 MP: 6/6
  2298 | D:4      | Found a sand-covered staircase.
  2305 | Ossuary  | Entered an ossuary
  2322 | Ossuary  | Reached skill level 5 in Long Blades
  2330 | Ossuary  | Gained mutation: You are mostly covered in sharp spines.
                  | [demonic ancestry]
  2330 | Ossuary  | Reached XP level 7. HP: 47/53 MP: 7/7
  3370 | D:5      | Entered Level 5 of the Dungeon
  3388 | D:5      | Found an ancient bone altar of Kikubaaqudgha.
  3393 | D:5      | Noticed a human
  3396 | D:5      | Killed a human
  4087 | D:5      | Found a radiant altar of Vehumet.
  4096 | D:5      | Found a blossoming altar of Fedhas.
  4276 | D:6      | Reached skill level 6 in Long Blades
  4276 | D:6      | Gained mutation: Spells you cast may paralyse adjacent
                  | enemies. [demonic ancestry]
  4276 | D:6      | Reached XP level 8. HP: 61/61 MP: 8/8
  4399 | D:6      | Reached skill level 5 in Dodging
  4506 | D:6      | Reached skill level 5 in Fighting
  4921 | D:6      | Reached skill level 7 in Long Blades
  4956 | D:6      | Found a glowing drain.
  5130 | D:7      | Found a staircase to the Ecumenical Temple.
  5138 | Temple   | Entered the Ecumenical Temple
  5270 | Temple   | Became a worshipper of Warmaster Okawaru
  5305 | D:7      | Noticed a two-headed ogre
  5316 | D:7      | Noticed a red ugly thing
  5323 | D:7      | Reached skill level 5 in Throwing
  5353 | D:7      | Noticed a cyclops
  5360 | D:7      | Gained mutation: Spells you cast may paralyse nearby
                  | enemies. [demonic ancestry]
  5360 | D:7      | Reached XP level 9. HP: 68/68 MP: 9/9
  5374 | D:7      | Reached * piety under Okawaru
  5452 | D:7      | Killed a cyclops
  5561 | D:7      | Reached skill level 8 in Long Blades
  5566 | D:7      | Noticed a deep elf pyromancer
  5572 | D:7      | Killed a deep elf pyromancer
  5572 | D:7      | Reached ** piety under Okawaru
  5641 | D:7      | Noticed a two-headed ogre
  5655 | D:7      | Killed a two-headed ogre
  5661 | D:7      | Gained mutation: You have a tail ending in a sharp stinger.
                  | [demonic ancestry]
  5661 | D:7      | Reached XP level 10. HP: 77/77 MP: 7/10
  5664 | D:7      | Reached skill level 9 in Long Blades
  5689 | D:7      | Got Sif Muna's Quarto of Effluvium
  5692 | D:7      | Got the Spellbook of the Jaunt and the Iceberg
  5695 | D:7      | Identified the +4 flail of the Lusting Gods {holy, rElec
                  | rF+ Will+ SInv}
  5837 | D:7      | Killed a two-headed ogre
  5841 | D:7      | Reached *** piety under Okawaru
  5860 | D:7      | Found a shimmering blue altar of Sif Muna.
  5969 | D:7      | Killed a red ugly thing
  5969 | D:7      | Received a gift from Okawaru
  6125 | D:7      | Found a bloodstained altar of Trog.
  6583 | D:7      | Reached skill level 10 in Long Blades
  6903 | D:8      | Found a staircase to the Lair.
  6989 | D:8      | Found a broken altar of Ashenzari.
  6992 | D:8      | Noticed a manticore
  7007 | D:8      | Killed a manticore
  7009 | D:8      | Reached **** piety under Okawaru
  7162 | D:8      | Reached XP level 11. HP: 81/86 MP: 11/11
  7548 | D:9      | Received a gift from Okawaru
  7717 | D:9      | Found a burning altar of Makhleb.
  7740 | D:9      | Received a gift from Okawaru
  7761 | D:9      | Found a staircase to the Orcish Mines.
  8039 | D:10     | Entered Level 10 of the Dungeon
  8150 | D:10     | Noticed a two-headed ogre
  8172 | D:10     | Killed a two-headed ogre
  8173 | D:10     | Reached skill level 11 in Long Blades
  8384 | D:10     | Noticed a two-headed ogre
  8404 | D:10     | Killed a two-headed ogre
  8706 | D:11     | Found Janniac's Weapon Shop.
  9420 | Lair:1   | Entered Level 1 of the Lair of Beasts
  9571 | Lair:1   | Reached ***** piety under Okawaru
  9572 | Lair:1   | Reached skill level 1 in Invocations
  9663 | Lair:1   | Identified the +2 kite shield of Articulation {rElec Str+2
                  | SInv} (Okawaru gifted it to you on level 1 of the Lair of
                  | Beasts)
  9663 | Lair:1   | Received a gift from Okawaru
  9726 | Lair:1   | Reached skill level 1 in Shields
  9929 | Lair:1   | Reached XP level 12. HP: 90/95 MP: 14/14
 10458 | Lair:2   | Reached skill level 12 in Long Blades
 10466 | Lair:2   | Noticed a five-headed hydra
 10533 | Lair:2   | Killed a five-headed hydra
 10742 | Lair:2   | Found a frozen archway.
 10863 | Lair:2   | Received a gift from Okawaru
 10868 | Lair:2   | Reached skill level 5 in Invocations
 11346 | Lair:3   | Received a gift from Okawaru
 11408 | Lair:3   | Reached skill level 10 in Fighting
 11505 | Lair:3   | Identified the +1 hat of Misanthropy {Drain rF+++ rN+++
                  | Int-5} (Okawaru gifted it to you on level 3 of the Lair of
                  | Beasts)
 11505 | Lair:3   | Received a gift from Okawaru
 11507 | Lair:3   | Found a staircase to the Shoals.
 11532 | Lair:3   | Found a gate leading to a gauntlet.
 11539 | Gauntlet | Entered a Gauntlet
 11539 | Gauntlet | Found a transporter.
 11539 | Gauntlet | Found a transporter.
 11560 | Gauntlet | Found a transporter.
 11562 | Gauntlet | Found a transporter.
 11574 | Gauntlet | Found a transporter.
 11576 | Gauntlet | Found a transporter.
 11586 | Gauntlet | Found a transporter.
 11607 | Gauntlet | Found a transporter.
 11614 | Gauntlet | Found a transporter.
 11618 | Gauntlet | Found a transporter.
 11625 | Gauntlet | Noticed a balrug
 11628 | Gauntlet | Found a transporter.
 11632 | Gauntlet | Found a transporter.
 11769 | Gauntlet | Gained mutation: Spells you cast and wands you use may
                  | paralyse nearby enemies. [demonic ancestry]
 11769 | Gauntlet | Reached XP level 13. HP: 103/103 MP: 15/17
 11932 | Gauntlet | Killed a balrug
 11933 | Gauntlet | Reached skill level 13 in Long Blades
 12075 | Gauntlet | Identified the +5 helmet of the Clam {rElec Will+}
 12262 | Gauntlet | Identified the +8 war axe of the Kissing Seer {heavy,
                  | Int+2}
 12262 | Gauntlet | Identified the +1 plate armour "Geifyh" {Fly}
 12262 | Gauntlet | Noticed a minotaur
 12271 | Gauntlet | Killed a minotaur
 12283 | Gauntlet | Got the Compendium of Rotting Force
 12912 | Lair:3   | Found a staircase to the Snake Pit.
 13215 | Lair:4   | Received a gift from Okawaru
 13270 | Lair:4   | Reached skill level 5 in Shields
 13307 | Lair:4   | Reached skill level 10 in Dodging
 13429 | Lair:4   | Noticed a dire elephant
 13431 | Lair:4   | Received a gift from Okawaru
 13464 | Lair:4   | Received a gift from Okawaru
 13473 | Lair:4   | Killed a dire elephant
 13528 | Lair:4   | Reached skill level 14 in Long Blades
 13584 | Lair:4   | Reached XP level 14. HP: 113/113 MP: 20/20
 13653 | Lair:4   | Received a gift from Okawaru
 14061 | Lair:5   | Entered Level 5 of the Lair of Beasts
 14189 | Lair:5   | Found a staircase to the Slime Pits.
 14189 | Lair:5   | Found a viscous altar of Jiyva.
 14378 | Lair:5   | Identified the +5 plate armour of Joy {rElec Will+ SInv}
                  | (Okawaru gifted it to you on level 5 of the Lair of Beasts)
 14378 | Lair:5   | Received a gift from Okawaru
 15078 | Lair:5   | Got Tuokulam's Spellbook of the Lithic Wendigo
 15263 | Lair:5   | Found a runed translucent door.
 15554 | Lair:5   | Reached skill level 15 in Long Blades
 15554 | Lair:5   | Reached skill level 10 in Invocations
 15558 | Lair:5   | Identified the +5 ring mail of Protective Custody {rCorr
                  | Int+3}
 15885 | D:11     | Noticed Maurice
 15897 | D:11     | Killed Maurice
 16045 | D:11     | Reached skill level 1 in Armour
 16060 | D:11     | Identified a scroll of acquirement
 16078 | D:11     | Acquired the ring of Kaosath {rC+ rCorr Int-2 Dex+8 Stlth+}
 16764 | D:12     | Received a gift from Okawaru
 16804 | D:12     | Noticed Rupert
 16816 | Arena    | Entered the Arena
 16821 | Arena    | Killed Rupert
 16822 | Arena    | Reached XP level 15. HP: 49/120 MP: 7/22
 16869 | D:12     | Noticed Erolcha
 16875 | D:12     | Killed Erolcha
 16887 | D:12     | Received a gift from Okawaru
 17120 | D:12     | Identified the +2 cloak "Orghefiesh" {rN+ Will+ Str-3
                  | Dex+2} (Okawaru gifted it to you on level 12 of the
                  | Dungeon)
 17120 | D:12     | Received a gift from Okawaru
 18302 | D:13     | Found a gate to the Vaults.
 19497 | D:14     | Reached skill level 16 in Long Blades
 19657 | D:14     | Identified the +0 plate armour of the Lute {rC+}
 19799 | D:14     | Found a snail-covered altar of Cheibriados.
 19924 | D:14     | Reached ****** piety under Okawaru
 20356 | D:15     | Entered Level 15 of the Dungeon
 20429 | D:15     | Found a transporter.
 20473 | D:14     | Received a gift from Okawaru
 20770 | D:15     | Noticed Kidef's ghost (adept FoFi)
 20826 | D:15     | Reached XP level 16. HP: 122/129 MP: 25/25
 21099 | D:15     | Found a transporter.
 21156 | D:15     | Reached skill level 5 in Armour
 21467 | D:15     | Noticed a storm dragon
 21470 | D:15     | a storm dragon changed into a dire elephant
 21492 | D:15     | Found a staircase to the Depths.
 21754 | Orc:1    | Entered Level 1 of the Orcish Mines
 21860 | Orc:1    | Received a gift from Okawaru
 22217 | Orc:2    | Entered Level 2 of the Orcish Mines
 22394 | Orc:2    | Found Cuppomey's Book Shoppe.
 22467 | Orc:2    | Found Loxzuga's Antique Weapon Boutique.
 22492 | Orc:2    | Found Mepsodd Wiqy's General Store.
 22556 | Orc:2    | Bought the +8 autumn katana {manifold assault} for 656 gold
                  | pieces
 22556 | Orc:2    | Found the +8 autumn katana {manifold assault}
 22651 | Orc:2    | Noticed Urug
 22652 | Orc:2    | Found Naorghoim's Antique Armour Emporium.
 22674 | Orc:2    | Killed Urug
 22823 | Orc:2    | Found a staircase to the Elven Halls.
 23167 | Snake:1  | Entered Level 1 of the Snake Pit
 23526 | Snake:1  | Reached skill level 17 in Long Blades
 23579 | Snake:1  | Found Zidwix's General Store.
 23962 | Snake:2  | Received a gift from Okawaru
 24100 | Snake:2  | Received a gift from Okawaru
 24622 | Snake:3  | Gained mutation: You have a sharp stinger which inflicts
                  | weakening toxins. [demonic ancestry]
 24622 | Snake:3  | Reached XP level 17. HP: 138/138 MP: 26/26
 25042 | Snake:4  | Entered Level 4 of the Snake Pit
 25201 | Snake:4  | Received a gift from Okawaru
 25212 | Snake:4  | Reached skill level 10 in Shields
 25448 | Snake:4  | Received a gift from Okawaru
 25451 | Snake:4  | Noticed Aizul
 25465 | Snake:4  | Killed Aizul
 25628 | Snake:4  | Identified the +7 chain mail of Music {Rampage rPois}
                  | (Okawaru gifted it to you on level 4 of the Snake Pit)
 25628 | Snake:4  | Received a gift from Okawaru
 25834 | Snake:4  | Identified the staff of poison "Otaucwul" {rPois Str+4}
 26044 | Snake:4  | Noticed Kirke
 26061 | Snake:4  | Killed Kirke
 26327 | Snake:4  | Reached skill level 10 in Armour
 26659 | Snake:4  | Got a serpentine rune of Zot
 27761 | Shoals:1 | Entered Level 1 of the Shoals
 28259 | Shoals:1 | Noticed a kraken
 28334 | Shoals:1 | Killed a kraken
 28835 | Shoals:2 | Noticed Ilsuiw
 28870 | Shoals:2 | Killed Ilsuiw
 29160 | Shoals:2 | Reached XP level 18. HP: 136/148 MP: 27/27
 29820 | Shoals:3 | Received a gift from Okawaru
 29873 | Shoals:3 | Reached skill level 15 in Fighting
 30093 | Shoals:3 | Received a gift from Okawaru
 30320 | Shoals:3 | Found an ornate altar of the Wu Jian Council.
 30556 | Shoals:3 | Reached skill level 18 in Long Blades
 30656 | Shoals:3 | Received a gift from Okawaru
 31200 | Shoals:4 | Entered Level 4 of the Shoals
 31283 | Shoals:4 | Found Erphuotua's Overcharged Wands.
 31447 | Arena    | Entered the Arena
 31713 | Shoals:4 | Got a barnacled rune of Zot
 32276 | Shoals:4 | Received a gift from Okawaru
 32922 | Vaults:1 | Entered Level 1 of the Vaults
 33348 | Vaults:1 | Received a gift from Okawaru
 33482 | Vaults:1 | Received a gift from Okawaru
 33676 | Vaults:1 | Received a gift from Okawaru
 33689 | Vaults:1 | Reached XP level 19. HP: 152/157 MP: 28/28
 33753 | Vaults:1 | Received a gift from Okawaru
 34189 | Vaults:1 | You are sucked into a shaft and drop 1 floor!
 34197 | Vaults:2 | Found a crumbling gateway.
 34233 | Desolati | Entered the Desolation of Salt
 34451 | Desolati | Received a gift from Okawaru
 34462 | Desolati | Identified the ring of Biptoad {Str+2 Dex+6}
 34468 | Desolati | Found the +12 pair of quick blades "Gyre" and "Gimble"
                  | {protect}
 34617 | Desolati | Received a gift from Okawaru
 34701 | Desolati | Identified the ring of Heytuara {Ice rPois rN+}
 35381 | Desolati | Identified the +3 chain mail "Woseklom" {rElec} (Okawaru
                  | gifted it to you in the Desolation of Salt)
 35381 | Desolati | Received a gift from Okawaru
 35397 | Desolati | Identified the amulet "Wausom" {+Inv Regen+ Int+3}
 35450 | Desolati | Identified the +1 orcbow of Departure {flame, Str+7}
 35555 | Desolati | Identified the ring "Sijeowk" {Fly Int+3 Dex+5}
 35676 | Desolati | Got the Omnibus of Ensnaring Heat
 35775 | Desolati | Got the Enchiridion on Superposition
 35778 | Desolati | Got Sif Muna's Almanac of Distance and the Glacier
 35797 | Desolati | Gained mutation: Your mind is acute. (Int +4, Str/Dex -1)
                  | [potion of mutation]
 35797 | Desolati | Gained mutation: You have an increased reservoir of magic.
                  | (+10% MP) [potion of mutation]
 36438 | Vaults:2 | Reached skill level 19 in Long Blades
 36726 | Vaults:2 | Reached XP level 20. HP: 166/166 MP: 32/32
 36750 | Vaults:2 | Noticed Xtahua
 36761 | Vaults:2 | Killed Xtahua
 36860 | Vaults:2 | Acquired 778 gold pieces
 36995 | Vaults:2 | Found Esean's Armour Emporium.
 37342 | Vaults:2 | Noticed Bai Suzhen
 37361 | Vaults:2 | Killed Bai Suzhen
 38067 | Vaults:3 | Received a gift from Okawaru
 38400 | Vaults:3 | Found a huge runed gate.
 38401 | Vaults:3 | Found a huge runed gate.
 38402 | Vaults:3 | Found a huge runed gate.
 38402 | Vaults:3 | Found a huge runed gate.
 38403 | Vaults:3 | Found a huge runed gate.
 38403 | Vaults:3 | Found a huge runed gate.
 38404 | Vaults:3 | Found a huge runed gate.
 38404 | Vaults:3 | Found a huge runed gate.
 38404 | Vaults:3 | Found a huge runed gate.
 38404 | Vaults:3 | Found a huge runed gate.
 38404 | Vaults:3 | Found a huge runed gate.
 38405 | Vaults:3 | Found a huge runed gate.
 38407 | Vaults:3 | Found a huge runed gate.
 38408 | Vaults:3 | Found a huge runed gate.
 38409 | Vaults:3 | Found a huge runed gate.
 38445 | Vaults:3 | Received a gift from Okawaru
 38475 | Vaults:3 | Found a huge runed gate.
 38475 | Vaults:3 | Found a huge runed gate.
 38475 | Vaults:3 | Found a huge runed gate.
 38475 | Vaults:3 | Found a huge runed gate.
 38475 | Vaults:3 | Found a huge runed gate.
 38475 | Vaults:3 | Found a huge runed gate.
 38476 | Vaults:3 | Found a huge runed gate.
 38507 | Vaults:3 | Found a huge runed gate.
 38508 | Vaults:3 | Found a huge runed gate.
 38516 | Vaults:3 | Found a huge runed gate.
 38516 | Vaults:3 | Found a huge runed gate.
 38516 | Vaults:3 | Found a huge runed gate.
 38516 | Vaults:3 | Found a huge runed gate.
 38516 | Vaults:3 | Found a huge runed gate.
 38516 | Vaults:3 | Found a huge runed gate.
 38517 | Vaults:3 | Found a huge runed gate.
 38518 | Vaults:3 | Found a huge runed gate.
 38518 | Vaults:3 | Found a huge runed gate.
 38952 | Vaults:3 | Found a staircase to the Crypt.
 39196 | Vaults:3 | Paralysed by a great orb of eyes for 2 turns
 39363 | Vaults:3 | Found a huge runed gate.
 39364 | Vaults:3 | Found a huge runed gate.
 39365 | Vaults:3 | Found a huge runed gate.
 39527 | Vaults:3 | Noticed Donald
 39534 | Vaults:3 | Killed Donald
 39744 | Vaults:3 | Received a gift from Okawaru
 40144 | Vaults:4 | Reached skill level 10 in Throwing
 40244 | Vaults:4 | Reached XP level 21. HP: 176/176 MP: 33/33
 40330 | Vaults:4 | Received a gift from Okawaru
 40356 | Vaults:4 | Noticed Frederick
 40365 | Vaults:4 | Killed Frederick
 40540 | Vaults:4 | Received a gift from Okawaru
 40540 | Vaults:4 | Found the +11 Singing Sword {sonic wave}
 40542 | Vaults:4 | Identified the staff of earth "Couxetab" {MP+9 Str+2
                  | Stlth+}
 40771 | Vaults:4 | Reached skill level 20 in Long Blades
 41159 | Elf:1    | Entered Level 1 of the Elven Halls
 41197 | Elf:1    | Found a transporter.
 41199 | Elf:1    | Noticed lessens's ghost (journeyman GrFi)
 41346 | Elf:1    | Identified the +0 trident of Omuonie {pain, rF- Str+4
                  | Int+5}
 41371 | Elf:1    | Found Ogug's Assorted Antiques.
 41393 | Elf:1    | Found a transporter.
 41627 | Elf:1    | Identified the +7 glaive of the Riding Visionary {drain,
                  | Fly rF+}
 41933 | Elf:1    | Killed lessens's ghost
 42080 | Elf:2    | Received a gift from Okawaru
 42244 | Elf:2    | Identified the +3 plate armour of Juoll {rPois MP+9}
                  | (Okawaru gifted it to you on level 2 of the Elven Halls)
 42244 | Elf:2    | Received a gift from Okawaru
 42287 | Elf:2    | Found Ehezacr Jikk's Armour Shop.
 42495 | Elf:2    | Found a runed translucent gate.
 42495 | Elf:2    | Found a runed translucent gate.
 42501 | Elf:2    | Found a runed translucent gate.
 42931 | Elf:3    | Entered Level 3 of the Elven Halls
 43209 | Elf:3    | Gained mutation: You are completely covered in sharp
                  | spines. [demonic ancestry]
 43209 | Elf:3    | Reached XP level 22. HP: 169/186 MP: 34/34
 43687 | Elf:3    | Identified the amulet "Coachucw" {Spirit rC- Will++}
 43687 | Elf:3    | Identified the +8 rapier of Infinity {freeze, Str+3 Dex-5
                  | SInv}
 43703 | Elf:3    | Identified the +4 short sword of the Reaper {holy, rPois}
 43706 | Elf:3    | Received a gift from Okawaru
 43745 | Elf:3    | Found the +10 tower shield of Ignorance {rN+ Int-4}
 43787 | Elf:3    | Got Fafe's Spellbook of Ozone and Imprecation
 43804 | Elf:3    | Identified the +2 ring mail "Erurep" {Str+5}
 43809 | Elf:3    | Identified the staff of earth "Jocoure" {rF+ rN+ Stlth-}
 44033 | Elf:3    | Found a radiant altar of Vehumet.
 44035 | Elf:3    | Found a gateway to a bazaar.
 44173 | Bazaar   | Entered a bazaar
 44173 | Bazaar   | Found Gav Atov's Armour Boutique.
 44173 | Bazaar   | Found Odetse's General Store.
 44201 | Bazaar   | Found Icof's Book Boutique.
 44237 | Bazaar   | Found Gufol's Jewellery Shop.
 44641 | Slime:1  | Entered Level 1 of the Pits of Slime
 44649 | Slime:1  | Gained mutation: Your spells are a little easier to cast,
                  | but a little less powerful. [a shining eye]
 44872 | Slime:1  | You are sucked into a shaft and drop 1 floor!
 45403 | Slime:3  | Reached skill level 21 in Long Blades
 45846 | Slime:4  | Lost mutation: Your mind is acute. (Int +4, Str/Dex -1) [a
                  | shining eye]
 45988 | Slime:4  | Noticed Dissolution
 45995 | Slime:4  | Paralysed by a floating eye for 4 turns
 46009 | Slime:4  | Paralysed by a floating eye for 4 turns
 46019 | Slime:4  | Paralysed by a floating eye for 3 turns
 46028 | Slime:4  | Killed Dissolution
 46542 | Slime:5  | Entered Level 5 of the Pits of Slime
 46711 | Slime:5  | Received a gift from Okawaru
 47128 | Slime:5  | Noticed the Royal Jelly
 47129 | Slime:5  | Found a viscous altar of Jiyva.
 47136 | Arena    | Entered the Arena
 47153 | Arena    | Killed the Royal Jelly
 47159 | Arena    | Mangled by a rockslime

Illustrated notes

Levels and vault maps discovered:
D:1:      psy_arrival_fountain, layout_basic, dk_noncrumbling_2
D:2:      layout_rooms, basic_ecumenical_altar, uniq_sigmund
D:3:      layout_basic, minivault_14, uniq_grinder
D:4:      layout_basic, enter_ossuary_1, lexackson_kobold_supper
D:5:      layout_basic, mainiacjoe_overflow_swirl, tgw_kikubaaqudgha,
          tso_oasis_becter
D:6:      layout_basic, gup_sewer_entry_bubbles
D:7:      minmay_the_grid_octo_triangle [minmay_the_grid_octo_77,
          minmay_the_grid_octo_prize_star, minmay_the_grid_octo_odd_swirl],
          layout_basic, kennysheep_little_box,
          mainiacjoe_overflow_concentric_impassable,
          minmay_temple_entry_large_hall, grunt_ministairs_11,
          minmay_stone_trees_medium, fountainhead
D:8:      layout_loops_cross, mainiacjoe_overflow_small_starburst,
          lair_entry_dummy
D:9:      layout_cave_pools, mainiacjoe_overflow_boulevard, orc_0_dummy
D:10:     layout_cave_pools, mainiacjoe_overflow_surrounded_room,
          kennysheep_generic_room_7
D:11:     minmay_opposing_rooms, layout_small_grid, serial_shops, shop,
          uniq_maurice
D:12:     layout_basic, uniq_rupert, uniq_erolcha
D:13:     layout_roguey, grunt_vaults_entry_fortified
D:14:     argonaut_augean_stables, layout_basic, serial_rivers,
          chequers_serial_rivers_small_3, chequers_serial_rivers_micro_b,
          chequers_serial_rivers_large_a, chequers_serial_rivers_large_b,
          chequers_serial_rivers_micro_c, chequers_serial_rivers_micro_d,
          chequers_big_river, kennysheep_slug_shrine
D:15:     gammafunk_enter_depths_forms, layout_cave_pools,
          gammafunk_ghost_stat_death, nicolae_the_louvre
Temple:   nicolae_temple_bog_church
Lair:1:   layout_regular_city, grunt_megastairs_1
Lair:2:   layout_cave_pods, portal_ice_cave_entry_pillars_1
Lair:3:   layout_regular_city, elwin_shoals_entry_stream, dummy_snake_entry,
          gauntlet_entry_generic, basic_altar, st_stairs_5, lemuel_fruit_tree,
          infiniplex_staircase_pool_2
Lair:4:   mu_elephants_graveyard, layout_concentric_octagons
Lair:5:   hangedman_lair_in_review, layout_regular_city, wormcave,
          slime_entry_1, grunt_megastairs_4, serial_bayou_shore_b
Shoals:1: layout_shoals
Shoals:2: layout_shoals, uniq_ilsuiw
Shoals:3: layout_shoals, lemuel_oklob_altar
Shoals:4: shoals_end_grunt_ice, layout_shoals, nicolae_shop_overcharged_wands
Snake:1:  layout_misc_corridors, serial_shops, nicolae_shop_advertising_works
          [nicolae_subvault_shop_adworks], serial_bayou_lake_a
Snake:2:  layout_onion
Snake:3:  layout_onion
Snake:4:  minmay_snake_end_coiled, layout_layer_cave,
          nrook_guardian_serpent_ordinary, grunt_megastairs_2, uniq_kirke,
          uniq_aizul
Slime:1:  layout_caves
Slime:2:  layout_caves
Slime:3:  layout_caves
Slime:4:  layout_caves, uniq_dissolution
Slime:5
Orc:1:    layout_caves, lemuel_statue_altar
Orc:2:    grunt_orc_gardens, layout_caves, grunt_orc_garden, grunt_orc_garden,
          grunt_orc_garden, grunt_orc_garden, uniq_urug
Elf:1:    layout_geoelf_grid, serial_shops, nicolae_shop_overgrown_old_shop,
          gammafunk_ghost_arena, hangedman_elven_crosses_minicolossus
Elf:2:    elven_hall_of_blades_hangedman_original
          [nicolae_blade_entry_pointy_end], layout_onion_city, serial_shops,
          shop
Elf:3:    minmay_elf_hall_statues, layout_loops_cross, basic_altar,
          serial_shops, bzr_entry_lakeside, nrook_loot_triangle, minivault_28
Vaults:1: ontoclasm_vaults_shuriken, nicolae_vaults_ninety_degrees,
          nicolae_vaults_weapon_check, hangedman_vaults_restitches,
          ontoclasm_vaults_eye, ontoclasm_vaults_spin, vaults_mumra_lcd,
          vaults_dpeg_emergency_exit, nicolae_vaults_crenellated_ambush,
          nicolae_vaults_variable_pillar_hall, nicolae_vaults_surprise_closet,
          nicolae_vaults_diagonal_hallway_7, layout_vaults_chaotic_city
Vaults:2: portal_desolation_entry_holy_temple,
          nicolae_vaults_offset_grid_hallway_3, nicolae_vaults_asterisk,
          nicolae_vaults_storage_closets_2, vaults_room_door_hall,
          vaults_room_door_ring, vaults_room_fours, nicolae_vaults_what_the_h,
          hangedman_vaults_trim, vaults_room_fours, layout_vaults_omnigrid,
          serial_shops, shop, uniq_xtahua, uniq_bai_suzhen
Vaults:3: minmay_crypt_entry_simple_walls, nicolae_vaults_trapezoid_lopsided_3,
          hangedman_vaults_restitches, nicolae_vaults_twisting_passages,
          door_vault, vaults_dpeg_encased_lava, grunt_vaults_trifunnel,
          ontoclasm_vaults_ligature, nicolae_vaults_more_shelving_1,
          nicolae_vaults_network_quinsquares
          [nicolae_vaults_network_quincunx_subvault,
          nicolae_vaults_network_quincunx_subvault,
          nicolae_vaults_network_quincunx_subvault,
          nicolae_vaults_network_quincunx_subvault], nicolae_vaults_house_2,
          ontoclasm_vaults_idyll, nicolae_vaults_two_Ls,
          layout_vaults_big_cross, uniq_donald
Vaults:4: ontoclasm_vaults_ring_small, nicolae_vaults_house_2,
          vaults_standard_mumra_enter_the_diamond, v_alt_pattern_3,
          nicolae_vaults_cochlea, hangedman_vaults_nails, v_pattern_1,
          nicolae_vaults_tetromino_Z_2, v_misc_9,
          nicolae_vaults_corridor_and_loot_room, v_misc_1, vaults_room_pools,
          nicolae_vaults_surprise_closet, layout_vaults_maze_snakey,
          uniq_frederick
Arena

Skill      XL: |  1  2  3  4  5  6  7  8  9 10 11 12 13 14 15 16 17 18 19 20 21 22 |
---------------+-------------------------------------------------------------------+-----
Throwing       | 2 3 4 5 6 7 8 10 11 12 | 12.9
Long Blades    | 3 4 5 6 7 8 10 11 12 14 15 16 17 18 19 20 21 | 21.5
Dodging        | 3 4 5 6 7 8 9 10 11 12 13 14 | 14.7
Fighting       | 3 4 5 6 7 9 10 11 12 13 14 15 16 17 18 19 | 19.5
Invocations    | 3 6 8 10 12 | 12.5
Shields        | 1 4 5 7 8 9 10 11 12 | 12.9
Armour         | 2 4 8 10 13 14 | 14.7

Action                     |  1- 3 |  4- 6 |  7- 9 | 10-12 | 13-15 | 16-18 | 19-21 | 22-24 || total
---------------------------+-------+-------+-------+-------+-------+-------+-------+-------++-------
  Melee: Long sword        |    85 |    63 |   140 |       |       |       |       |       ||   288
         Punch             |     1 |       |     6 |     2 |       |       |       |       ||     9
         Tailslap          |       |     6 |    39 |    84 |   191 |   351 |  1077 |   447 ||  2195
         Scimitar          |       |       |    33 |   405 |   917 |   164 |       |       ||  1519
         Katana            |       |       |       |       |       |  1637 |   520 |       ||  2157
         Double sword      |       |       |       |       |       |    35 |       |       ||    35
         Pair of quick bla |       |       |       |       |       |       |  3163 |  1281 ||  4444
  Throw: Throwing net      |     1 |       |     3 |     2 |       |       |       |       ||     6
         Javelin           |       |       |    17 |    23 |     1 |    16 |     5 |    12 ||    74
         Boomerang         |       |       |       |    37 |    68 |       |       |       ||   105
         Dart              |       |       |       |       |       |    13 |       |       ||    13
 Invoke: Heroism           |       |       |     1 |     7 |    13 |     6 |    12 |     2 ||    41
         Finesse           |       |       |       |       |     6 |     4 |     6 |     2 ||    18
         Duel              |       |       |       |       |     1 |     1 |       |     1 ||     3
  Evoke: Wand              |       |       |       |     3 |       |     7 |       |       ||    10
    Use: Potion            |     1 |     2 |       |       |     1 |    10 |     4 |    10 ||    28
         Scroll            |       |       |     3 |    20 |    12 |     7 |     4 |     5 ||    51
   Stab: Sleeping          |       |     1 |     2 |     3 |     1 |       |       |       ||     7
         Held in net/web   |       |       |     3 |       |       |       |       |       ||     3
         Distracted        |       |       |     1 |       |     1 |       |       |       ||     2
 Armour: Leather armour    |    31 |    12 |    29 |       |       |       |       |       ||    72
         Acid dragon scale |       |       |       |    67 |   105 |       |       |       ||   172
         Plate armour      |       |       |       |       |   184 |   191 |       |       ||   375
         Chain mail        |       |       |       |       |       |   195 |   379 |   174 ||   748
  Dodge: Dodged            |    52 |    32 |    97 |   265 |   569 |   508 |   652 |   207 ||  2382
  Block: Other             |       |     9 |    32 |     1 |       |       |       |       ||    42
         Reflection        |       |       |     1 |       |    17 |    41 |     5 |       ||    64
         Kite shield       |       |       |       |   163 |   894 |  1272 |   366 |       ||  2695

Table legend: (Time is in decaauts)
 A = Elapsed time spent in this place.
 B = Non-inter-level travel time spent in this place.
 C = Inter-level travel time spent in this place.
 D = Time resting spent in this place.
 E = Time spent auto-exploring this place.
 F = Levels seen in this place.
 G = Mean time per level.
                   A        B        C        D        E       F      G
               +--------+--------+--------+--------+--------+-----+--------+
         Total |  46041 |  41258 |   4783 |   6100 |  24147 |  50 |  920.8 |
       Dungeon |  15682 |  13731 |   1951 |   2545 |   7720 |  15 | 1045.5 |
        Temple |    155 |      3 |    152 |      0 |      0 |   1 |  155.0 |
          Lair |   6009 |   5181 |    828 |    378 |   3329 |   5 | 1201.8 |
        Shoals |   4582 |   4267 |    315 |    391 |   2904 |   4 | 1145.5 |
     Snake Pit |   3940 |   3638 |    302 |    492 |   2126 |   4 |  985.0 |
    Slime Pits |   2355 |   2156 |    199 |    396 |   1106 |   5 |  471.0 |
  Orcish Mines |   1442 |   1235 |    207 |     88 |    864 |   2 |  721.0 |
   Elven Halls |   2941 |   2648 |    293 |    153 |   1830 |   3 |  980.3 |
        Vaults |   5844 |   5311 |    533 |    726 |   3523 |   4 | 1461.0 |
        Bazaar |    111 |    111 |      0 |      0 |      0 |   1 |  111.0 |
       Ossuary |    353 |    353 |      0 |     37 |    230 |   1 |  353.0 |
    Desolation |   1758 |   1758 |      0 |    477 |    514 |   1 | 1758.0 |
      Gauntlet |    803 |    803 |      0 |    396 |      0 |   1 |  803.0 |
         Arena |     60 |     60 |      0 |     21 |      0 |   3 |   20.0 |
               +--------+--------+--------+--------+--------+-----+--------+

Top non-repeatable levels by time:
 Snake:4: 1900 daAuts
Vaults:3: 1766 daAuts
Desolation: 1758 daAuts
  Lair:5: 1697 daAuts
Vaults:2: 1652 daAuts
    D:13: 1645 daAuts
     D:7: 1591 daAuts
Vaults:1: 1526 daAuts
    D:10: 1447 daAuts
    D:14: 1418 daAuts
Shoals:4: 1392 daAuts
  Lair:1: 1204 daAuts
  Lair:3: 1204 daAuts
   Elf:3: 1193 daAuts
     D:3: 1151 daAuts
